Map: Acropolis LE

Players

Djorn - Winner!

  • Race: Protoss Protoss
  • League: Bronze
  • Spawn Location: 11:00

A.I. 1 (Medium)

  • Race: Zerg Zerg
  • Spawn Location: 5:00

VOD

Have the link to the VOD?

Description

Time

  • Played on: Aug. 26, 2019, 8:56 a.m.
  • Length: 5:11
Show
View Real Time Build Order
Export as new Build Order

Djorn Protoss - Winner!

Build Orders:  

Get SALT Encoding   

  12  0:01  Probe  
  13  0:17  Pylon  
  13  0:19  Probe  
  14  0:30  Probe  
  15  0:38  Probe  
  16  0:46  Probe  
  16  0:53  Gateway  
  17  1:03  Probe  
  18  1:04  Pylon  
  18  1:08  Assimilator  
  18  1:15  Probe  
  19  1:19  Assimilator  
  19  1:28  Probe  
  20  1:40  Probe  
  20  1:46  Cybernetics Core  
  21  1:57  Gateway  
  21  2:01  Gateway  
  21  2:07  Probe  
  22  2:14  Zealot  
  24  2:22  Probe  
  25  2:34  Warp Gate, Probe  
  26  2:46  Probe  
  27  2:51  Robotics Facility  
  27  2:58  Probe  
  27  2:59  Pylon  
  27  3:02  Stalker  
  30  3:09  Pylon  
  30  3:17  Stalker x2  
  30  3:18  Pylon  
  34  3:20  Pylon  
  34  3:36  Observer  
  35  3:53  Immortal  
  35  3:55  Probe  
  40  4:22  Warp Prism  
  42  4:43  Stalker x2  
  42  4:44  Stalker  
  48  4:49  Gateway  
Show
View Real Time Build Order
Export as new Build Order

A.I. 1 (Medium) Zerg 

Build Orders: 1 Base Baneling Bust, Pool Only 

Get SALT Encoding   

  12  0:00  Drone  
  13  0:12  Overlord  
  13  0:16  Drone  
  14  0:30  Drone  
  14  0:33  Drone  
  16  0:43  Spawning Pool  
  16  0:45  Drone  
  16  0:49  Drone  
  17  0:53  Extractor  
  17  0:55  Drone  
  17  1:06  Overlord  
  17  1:30  Queen  
  17  1:31  Zergling x2  
  20  1:37  Roach Warren  
  20  1:38  Drone, Extractor  
  19  1:45  Zergling x2  
  20  1:49  Drone  
  21  2:00  Drone  
  22  2:10  Overlord  
  22  2:21  Roach  
  24  2:36  Roach  
  26  2:41  Overlord  
  26  2:50  Roach  
  28  2:59  Drone  
  28  3:03  Drone  
  28  3:04  Roach  
  32  3:11  Overlord  
  32  3:16  Drone  
  32  3:18  Roach  
  32  3:19  Drone  
  36  3:26  Drone  
  37  3:37  Baneling Nest, Roach  
  37  3:40  Drone  
  39  3:43  Drone  
  39  3:45  Evolution Chamber  
  39  3:48  Drone  
  40  3:52  Roach  
  42  4:06  Roach  
Tags
 
Add a new tag
Caveats
  • Supply blocks, unpowered buildings, or Contaminate may cause inaccurate times.
  • Supply counts are checked every 10 seconds.